 Dungeon Crawl Stone Soup version 0.18-a0-117-g77bb7e1 (webtiles) character file.

1597 Proton the Skirmisher (level 8, -3/76 HPs)
             Began as a Naga Fighter on Nov 18, 2015.
             Slain by an orc warrior
             ... wielding a +0 trident
              (13 damage)
             ... on level 9 of the Dungeon.
             The game lasted 00:15:35 (6482 turns).

Proton the Skirmisher (Naga Fighter)                Turns: 6482, Time: 00:15:35

Health: -3/76      AC: 10    Str: 20    XL:     8   Next: 93%
Magic:  8/8        EV:  7    Int: 10    God:
Gold:   293        SH:  9    Dex: 10    Spells: 0 memorised, 7 levels left

rFire  + . .     SeeInvis +     a - +0 long sword
rCold  . . .     Clarity  .     p - +2 scale mail {rF+}
rNeg   . . .     SustAt   .     c - +0 shield
rPois  +         Gourm    .     (no helmet)
rElec  .         Spirit   .     f - +0 cloak
rCorr  .         Warding  .     (no gloves)
rMut   .         Stasis   .     (no barding)
MR     +....                    (no amulet)
Stlth  ..........               (no ring)
                                b - ring of flight

@: short of breath, very slow, somewhat resistant to hostile enchantments,
extremely unstealthy
A: see invisible, deformed body, poison resistance, slowness 2, slow metabolism
1, spit poison 2, AC +2
a: Spit Poison, Evoke Flight


You were on level 9 of the Dungeon.
You were not hungry.

You visited 1 branch of the dungeon, and saw 9 of its levels.

You collected 293 gold pieces.

Inventory:

Hand Weapons
 a - a +0 long sword (weapon)
Armour
 c - a +0 shield (worn)
 f - a +0 cloak (worn)
 p - a +2 scale mail of fire resistance (worn)
 t - a +0 scale mail of cold resistance
Jewellery
 b - a ring of flight (left hand)
 k - an uncursed ring of ice
Scrolls
 i - 3 scrolls of noise
 m - 2 scrolls of remove curse
 r - 3 scrolls of magic mapping
Potions
 d - 2 potions of might
 g - 5 potions of curing
 o - a potion of cure mutation
 q - a potion of flight
 s - a potion of lignification
Comestibles
 e - 5 bread rations
 h - a meat ration
 j - 2 slices of pizza


   Skills:
 + Level 6.0 Fighting
 + Level 5.1 Long Blades
 + Level 4.7 Armour
 + Level 3.6 Dodging
 + Level 4.6 Shields


You had 7 spell levels left.
You didn't know any spells.

Dungeon Overview and Level Annotations

Branches:
Dungeon (10/15)
 Temple: D:4-7         Lair: D:8-11         Orc: D:9-12

Altars:
Ru
Vehumet
Xom
The Shining One

Annotations:
D:5 Prince Ribbit


Innate Abilities, Weirdness & Mutations

You cannot wear boots.
Your serpentine skin is tough (AC +2).
You have supernaturally acute eyesight.
Armour fits poorly on your strangely shaped body.
Your system is resistant to poisons.
You cover ground very slowly.
You have a slow metabolism.
You can spit poison.


Message History

There is a stone staircase leading down here.
You block the orc's attack. You block the orc warrior's attack.
The orc hits you with a falchion.
* * * LOW HITPOINT WARNING * * *
Press: ? - help, Shift-Dir - straight line, f - orc
Aim: an orc, wielding a club and wearing a ring mail The splash of poison hits the orc.
The orc is poisoned.
You kill the orc!
You feel slightly more hungry. You block the orc warrior's attack.
You have got your breath back.
The orc hits you with a falchion.
* * * LOW HITPOINT WARNING * * *
You see here 16 sling bullets.
Press: ? - help, Shift-Dir - straight line, f - orc warrior
Aim: an orc warrior, wielding a trident and wearing a chain mail The splash of poison hits the orc warrior.
The orc warrior appears unharmed.
You feel slightly more hungry.
The orc warrior hits you from afar with a trident!
You die...

######'#### #..# #.##
##.# #########..#
#####+## # ...........#
#......# # #######.>.)##
#......# #
#.##..########......# #
#.###..oo(@..'......####
# #.#
##########.....}'(.####
#.# #.....(##....' #.#
##'########### #.# #..#
# #. ###.#### #......# #
#......# #### #......#
#...


You could see an orc warrior and an orc.

Vanquished Creatures
  A wyvern (D:9)
  A mottled dragon (D:9)
  A phantom (D:4)
  2 ogres
  A centaur (D:9)
  A giant frog (D:9)
  A wyvern skeleton (D:8)
  2 scorpions (D:4)
  2 crimson imps (D:9)
  Ijyb (D:2)
  4 worker ants
  A centaur skeleton (D:5)
  2 hounds
  An iguana (D:4)
  5 orc priests
  2 orc wizards
  Terence (D:2)
  6 adders
  6 gnolls (D:5)
  3 shadow imps
  An ooze (D:3)
  A worm (D:2)
  2 giant geckos
  16 orcs
  3 giant cockroaches
  5 hobgoblins
  4 jackals (D:1)
  12 bats
  A giant cockroach zombie (D:5)
  2 giant gecko skeletons
  11 giant newts
  6 goblins
  10 kobolds
  A quokka skeleton (D:5)
  13 rats
132 creatures vanquished.

Notes
Turn   | Place    | Note
--------------------------------------------------------------
     0 | D:1      | Proton the Naga Fighter began the quest for the Orb.
     0 | D:1      | Reached XP level 1. HP: 21/21 MP: 1/1
   205 | D:1      | Reached XP level 2. HP: 13/28 MP: 2/2
   763 | D:1      | Reached XP level 3. HP: 29/34 MP: 3/3
   894 | D:2      | Noticed Ijyb
  1023 | D:2      | Killed Ijyb
  1023 | D:2      | Reached skill level 1 in Dodging
  1050 | D:2      | Reached XP level 4. HP: 42/42 MP: 4/4
  1252 | D:2      | Found a sacrificial altar of Ru.
  1745 | D:2      | Noticed Terence
  1760 | D:2      | Killed Terence
  1760 | D:2      | Reached XP level 5. HP: 43/50 MP: 5/5
  2354 | D:3      | Reached skill level 4 in Fighting
  2628 | D:4      | Noticed a phantom
  2650 | D:4      | Reached XP level 6. HP: 34/57 MP: 6/6
  3726 | D:5      | Entered Level 5 of the Dungeon
  3727 | D:5      | Reached XP level 7. HP: 53/66 MP: 7/7
  4435 | D:4      | Found a shimmering altar of Xom.
  4905 | D:5      | Reached skill level 5 in Fighting
  5072 | D:5      | Reached XP level 8. HP: 62/74 MP: 8/8
  5114 | D:5      | Found a glowing golden altar of the Shining One.
  5487 | D:5      | Noticed Prince Ribbit
  5733 | D:6      | You fall through a shaft for 3 floors!
  5869 | D:8      | Found a radiant altar of Vehumet.
  5881 | D:8      | Noticed a two-headed ogre
  6053 | D:9      | Reached skill level 5 in Long Blades
  6459 | D:9      | Reached skill level 6 in Fighting
  6470 | D:10     | Entered Level 10 of the Dungeon
  6482 | D:9      | Slain by an orc warrior

Vault maps used:
D:1:      eino_arrival_water_cross
D:2:      nicolae_overflow_hidden_temple, kennysheep_generic_room_8, uniq_iyjb,
          uniq_terence
D:4:      kennysheep_mini_moat
D:5:      tso_altar, old_standard_altar, first_bread, uniq_crazy_yiuf_cottage,
          uniq_prince_ribbit1
D:6:      kennysheep_spiral_hall, lemuel_coloured_pillars_altar,
          gammafunk_temple_overflow_elements, minmay_temple_entry_glassed_door,
          uniq_sigmund
D:8:      fedhas_altar_3, vehumet_altar_wand_db, serial_undead, serial_undead_c,
          serial_undead_f, serial_undead_f, serial_undead_c
D:9:      grunt_qazlal_sundering, uniq_gastronok
D:10:     lemuel_troll_bridge, serial_shops, shop

Action                   |  1- 3 |  4- 6 |  7- 9 || total
-------------------------+-------+-------+-------++-------
Melee: Long sword        |   113 |   282 |   288 ||   683
       Unarmed           |     5 |       |       ||     5
 Abil: Spit Poison       |       |    14 |    23 ||    37
  Use: Scroll            |       |     4 |     7 ||    11
       Potion            |       |       |     2 ||     2
  Eat: Fruit             |       |     2 |       ||     2
       Meat ration       |       |     1 |     2 ||     3
       Beef jerky        |       |     1 |       ||     1
